 Dungeon Crawl Stone Soup version 0.15.0-16-gce31824 (console) character file.

156 gw the Chopper (level 5, -2/46 HPs)
             Began as a Deep Dwarf Gladiator on Sept 5, 2014.
             Slain by an ogre
             ... wielding a +0 giant club
              (18 damage)
             ... on Level 4 of the Dungeon.
             The game lasted 00:01:37 (2892 turns).

gw the Chopper (Deep Dwarf Gladiator)               Turns: 2892, Time: 00:01:37

HP  -2/46        AC 10     Str 18      XL: 5   Next: 14%
MP   5/5         EV  7     Int  9      God:
Gold 0           SH  0     Dex 14      Spells:  0 memorised,  4 levels left

rFire  . . .     SeeInvis .     a - +0 war axe
rCold  + . .     Clarity  .     r - +0 chain mail
rNeg   . . .     rCorr    .     (no shield)
rPois  .         rRot     .     c - +0 helmet
rElec  .         Spirit   .     (no cloak)
SustAb .         Warding  .     (no gloves)
rMut   .         Stasis   .     j - +0 pair of boots
Gourm  .                        (no amulet)
MR     .....                    h - +1 ring of evasion
                                g - ring of protection from cold

@: non-regenerating, not resistant to hostile enchantments, extremely unstealthy
A: damage resistance, recharge devices, sense surroundings 1, slow healing 3
a: Device Recharging


You were on level 4 of the Dungeon.
You were not hungry.

You visited 1 branch of the dungeon, and saw 4 of its levels.

Inventory:

Hand weapons
 a - a +0 war axe (weapon)
Missiles
 d - 3 throwing nets
 o - 52 stones (quivered)
Armour
 c - a +0 helmet (worn)
 j - a +0 pair of boots (worn)
 r - a +0 chain mail (worn)
Magical devices
 e - a wand of heal wounds (2)
Comestibles
 b - a beef jerky
 f - 3 bread rations
 i - a meat ration
 l - 4 fruits
 m - 2 slices of pizza
Scrolls
 k - 4 scrolls of identify
 n - a scroll of remove curse {unknown}
Jewellery
 g - a ring of protection from cold (left hand)
 h - a +1 ring of evasion (right hand)
Potions
 p - a potion of flight {unknown}


   Skills:
 + Level 2.4 Fighting
 * Level 4.9 Axes
 + Level 2.7 Throwing
 + Level 2.1 Armour
 - Level 3.2 Dodging


You had 4 spell levels left.
You didn't know any spells.

Dungeon Overview and Level Annotations

Branches:
Dungeon (4/15)
 Temple: D:4-7

Altars:

Annotations:
D:4 Pikel


Innate Abilities, Weirdness & Mutations

You are resistant to damage.
You can recharge devices by infusing magical energy.
You passively map a small area around you.
You do not heal naturally.


Message History

FLEEEEING!
MOVING TO (1,-8) FLEEEEING!
ATTACKING (0,-1)
You closely miss the ogre. The ogre hits you with a giant club!
Evoke which item? (* to show all) (? for menu, Esc to quit)
Zapping:
e - a wand of heal wounds (3)
Press: ? - help, Shift-Dir - straight line, f - you You feel much better.
This wand has 2 charges left.
The ogre hits you with a giant club!
FLEEEEING!
ATTACKING (0,-1)
You slash the ogre!
The ogre is moderately wounded.
FLEEEEING!
ATTACKING (0,-1)
You slash the ogre!
The ogre is severely wounded.
The ogre hits you with a giant club!!
You die...

* #.#
##?...#
#.# #....#
#.# #.>..#
#.# #....#
, #.#
##...# #.#
###.# . *
########.#
#.#
#......#O#
#.#
#.####.#g#
#.# #.#
#...# #.#
#.# #####
#.# #####
#.######
#$# ....#
#......#
#.# ###.#
######.#
#.# #.#
#.# #.#
#.# #.#
#####%#
###.# #.#
#.....#


You could see an ogre.

Table legend:
 A = Turns spent in this place as a percentage of turns spent in the entire game.
 B = Non-inter-level travel turns spent in this place as a percentage of non-inter-level travel turns spent in the entire game.
 C = Inter-level travel turns spent in this place as a percentage of turns spent in this place.
 D = Turns resting spent in this place as a percentage of non-inter-level travel turns spent in this place.
 E = Turns spent auto-exploring this place as a percentage of non-inter-level travel turns spent in this place.
 F = Non-inter-level travel turns spent in this place divided by the number of levels of this place that you've seen.
                   A       B       C       D       E      F
               +-------+-------+-------+-------+-------+----------------------
         Total | 100.0 | 100.0 |   1.3 |   0.0 |  17.9 | 203.5
       Dungeon | 100.0 | 100.0 |   1.3 |   0.0 |  17.9 | 203.5
               +-------+-------+-------+-------+-------+----------------------

Table legend:
 A = Kills in this place as a percentage of kills in entire the game.
 B = Kills by you in this place as a percentage of kills by you in the entire game.
 C = Kills by friends in this place as a percentage of kills by friends in the entire game.
 D = Other kills in this place as a percentage of other kills in the entire game.
 E = Experience gained in this place as a percentage of experience gained in the entire game.
 F = Experience gained in this place divided by the number of levels of this place that you have seen.
                   A       B       C       D       E      F
               +-------+-------+-------+-------+-------+----------------------
         Total | 100.0 | 100.0 |  -nan |  -nan | 100.0 |  55.8
       Dungeon | 100.0 | 100.0 |  -nan |  -nan | 100.0 |  55.8
               +-------+-------+-------+-------+-------+----------------------

Vanquished Creatures
  A black bear skeleton (D:3)
  An ogre skeleton (D:4)
  Terence (D:2)
  4 adders
  An orc skeleton (D:4)
  2 giant geckos (D:3)
  An ooze (D:3)
  2 orcs (D:3)
  8 bats
  A giant cockroach (D:1)
  8 goblins
  12 hobgoblins
  A kobold (D:3)
  A quokka (D:2)
  5 giant newts
  A goblin skeleton (D:4)
  4 jackals (D:3)
  11 rats
65 creatures vanquished.

Notes
Turn   | Place    | Note
--------------------------------------------------------------
     0 | D:1      | gw, the Deep Dwarf Gladiator, began the quest for the Orb.
     0 | D:1      | Reached XP level 1. HP: 19/19 MP: 1/1
   179 | D:1      | Reached XP level 2. HP: 26/26 MP: 2/2
  1097 | D:2      | Reached XP level 3. HP: 29/32 MP: 3/3
  1168 | D:2      | Reached skill level 4 in Axes
  1221 | D:2      | Reached skill level 1 in Armour
  1376 | D:2      | Noticed Terence
  1395 | D:2      | Killed Terence
  1776 | D:3      | Reached XP level 4. HP: 31/39 MP: 4/4
  2736 | D:4      | Reached XP level 5. HP: 19/46 MP: 5/5
  2749 | D:4      | Noticed Pikel
  2887 | D:4      | Noticed an ogre
  2892 | D:4      | Slain by an ogre

Action                   |  1- 3 |  4- 6 || total
-------------------------+-------+-------++-------
Melee: War axe           |    93 |    95 ||   188
Throw: Stone             |    60 |    55 ||   115
Evoke: Wand              |     1 |     2 ||     3
  Use: Scroll            |     6 |     1 ||     7
       Potion            |     3 |       ||     3
  Eat: Chunk             |     2 |     5 ||     7

Vault maps used:
D:1:      minmay_arrival_stone_box, item_on_display_a
D:2:      uniq_terence
D:3:      first_bread
D:4:      minmay_misc_feat_hallway, uniq_pikel
